AoeStats
← Barko

Arena

510630875Analyzed
2v2 RM · 2d ago on Oct 1, 2026· 69m 33s· 4 players
Game mode
Random Map
Map size
Medium (4 player)
Population
200
Speed
Normal
Resources
Standard
Victory
Conquest
Starting age
Dark Age
Ending age
Imperial Age
RankedLock teamsTeams togetherTeam positionsShared explorationLock speedFull tech treeHidden civsTurbo modeCheats
Victory
Defeat
🇨🇱 Khmer · Chile
1098
+18
🇨🇱 Celts · Chile
1038
+20
🇺🇸 Saxons · United States
1150
-20
🇺🇸 Britons · United States
1120
-18
VonPiatre
1:20 Loom
12:15 Feudal Age
13:36 Wheelbarrow
17:00 Castle Age
15:01 Double-Bit Axe
14:56 Horse Collar
16:49 Stone Mining
16:49 Gold Mining
25:47 Hand Cart
27:04 Town Watch
27:20 Heavy Plow
27:31 Bow Saw
32:36 Imperial Age
31:19 Forging
31:49 Scale Mail Armor
33:01 Chain Mail Armor
33:21 Iron Casting
32:47 Capped Ram
34:29 Plate Mail Armor
34:23 Conscription
37:02 Blast Furnace
38:21 Elite Woad Raider
39:33 Siege Ram
42:24 Padded Archer Armor
44:14 Fortified Wall
44:07 Murder Holes
44:33 Ballistics
45:13 Chemistry
44:24 Masonry
48:32 Leather Archer Armor
48:07 Fletching
48:20 Town Patrol
60:48 Pikeman
61:43 Halberdier
65:02 Arson
Cisco Beats
10:02 Feudal Age
13:11 Castle Age
11:16 Double-Bit Axe
11:49 Horse Collar
18:19 Loom
19:23 Wheelbarrow
20:58 Town Watch
21:40 Hand Cart
22:36 Heavy Plow
22:48 Bow Saw
28:21 Imperial Age
25:44 Fletching
26:00 Scale Barding Armor
26:00 Husbandry
27:40 Chain Barding Armor
28:11 Ballistics
29:04 Bloodlines
30:00 Double Crossbow
31:01 Plate Barding Armor
32:30 Chemistry
31:41 Devotion
32:21 Conscription
32:58 Elite Ballista Elephant
34:14 Bodkin Arrow
35:09 Light Cavalry
36:32 Bracer
39:11 Hussar
40:25 Redemption
41:12 Siege Engineers
44:04 Sanctity
44:49 Forging
46:52 Iron Casting
49:17 Blast Furnace
61:22 Town Patrol
Barko
11:04 Feudal Age
12:33 Double-Bit Axe
15:02 Castle Age
12:49 Loom
14:09 Horse Collar
16:34 Bow Saw
16:49 Heavy Plow
20:49 Wheelbarrow
22:03 Forging
24:42 Hand Cart
24:12 Town Watch
24:20 Gold Mining
24:21 Stone Mining
27:48 Gold Shaft Mining
30:00 Imperial Age
28:01 Fletching
28:12 Padded Archer Armor
28:41 Squires
28:27 Gambesons
28:04 Man-at-Arms
28:30 Arson
28:47 Scale Mail Armor
28:58 Forging
29:11 Thumb Ring
29:06 Bodkin Arrow
30:30 Bloodlines
30:20 Husbandry
29:56 Long Swordsman
32:03 Chemistry
31:21 Leather Archer Armor
30:28 Cranequins
30:58 Elite Varangian Guard
31:16 Heavy Mounted Crossbowman
32:49 Conscription
31:59 Two-Handed Swordsman
32:57 Champion
33:54 Chain Mail Armor
34:20 Iron Casting
34:00 Capped Ram
36:16 Plate Mail Armor
35:51 Siege Ram
36:21 Shield Wall
42:20 Coinage
42:13 Bracer
42:44 Ring Archer Armor
43:23 Heavy Scorpion
46:49 Pikeman
47:26 Halberdier
50:29 Masonry
50:00 Treadmill Crane
50:25 Siege Engineers
50:24 Light Cavalry
53:55 Scale Barding Armor
57:15 Ballistics
57:26 Architecture
58:50 Hussar
60:05 Chain Barding Armor
61:35 Onager
64:29 Guilds
64:50 Banking
MisterBinks
12:24 Feudal Age
16:26 Castle Age
14:20 Double-Bit Axe
17:56 Horse Collar
21:24 Heavy Plow
22:47 Wheelbarrow
26:17 Gold Mining
27:34 Pikeman
28:52 Padded Archer Armor
29:22 Yeomen
33:52 Imperial Age
34:13 Fortified Wall
35:44 Chemistry
34:16 Onager
34:53 Halberdier
38:06 Warwolf
38:14 Warwolf
41:22 Masonry
41:19 Siege Engineers
50:53 Masonry
50:26 Treadmill Crane
54:26 Murder Holes
68:07 Scale Mail Armor
68:19 Forging
Connection lost

Rejoining the realm…

Still unreachable

The connection could not be restored.

Session expired

The server has moved on; the page needs a fresh start.